[Event "*** SCC Grand Prix: Titled Tuesday Blitz"]
[Site "Chess.com"]
[Date "2020.08.25"]
[Round "5"]
[White "Witik"]
[Black "AGW2016"]
[Result "1-0"]
[WhiteElo "2662"]
[BlackElo "2360"]
[TimeControl "180+1"]
[EndTime "10:57:18 PDT"]
[Termination "Witik won by resignation"]

1. d4 Nf6 2. Bf4 g6 3. Nf3 Bg7 4. Nc3 d5 5. e3 O-O 6. Be2 c5 7. dxc5 Qa5 8. Nd2 Qxc5 9. Nb3 Qb6 10. Nb5 Na6 11. Be5 Bf5 12. N3d4 Bd7 13. a4 Ne4 14. Bxg7 Kxg7 15. O-O Rfd8 16. Nf3 Bg4 17. Qd4+ Qxd4 18. Nfxd4 Bxe2 19. Nxe2 Nb4 20. c3 Nc6 21. Rfd1 a6 22. Nc7 Rac8 23. Nxd5 e6 24. Nb6 Rxd1+ 25. Rxd1 Rd8 26.
Rxd8 Nxd8 27. f3 Nd2 28. Nc1 Nc6 29. Kf2 Na5 30. b4 Nac4 31. Nxc4 Nxc4 32. a5 Kf6 33. Nb3 Ke5 34. Nc5 Nd6 35. e4 f5 36.
Ke3 Nc4+ 37. Kd3 Nb2+ 38. Kc2 Nc4 39. exf5 gxf5 40. Nxb7 Ne3+ 41. Kd2 Nxg2 42. Nc5 Kf4 43. b5 axb5 44. a6 Ne3 45. a7 Nc4+ 46. Ke2 Nb6 47.
Nxe6+ Ke5 48. Nc7 Kd6 49. a8=Q Nxa8 50. Nxa8 Kc6 51. Ke3 Kb7 52. Kd4 Kxa8 53. Kc5 Kb7 54. Kxb5 Kc7 55. Kc5 Kd7 56. Kd5 Ke7 57. Ke5 1-0

[Event "*** SCC Grand Prix: Titled Tuesday Blitz"]
[Site "Chess.com"]
[Date "2020.08.25"]
[Round "5"]
[White "KaterinaMiroshnik"]
[Black "nocnypako"]
[Result "1-0"]
[WhiteElo "2430"]
[BlackElo "2581"]
[TimeControl "180+1"]
[EndTime "10:57:18 PDT"]
[Termination "KaterinaMiroshnik won on time"]

1. d3 d5 2. Nd2 g6 3. Ngf3 Bg7 4.
e4 d4 5. Be2 e5 6. O-O Ne7 7. c3 O-O 8. cxd4 exd4 9. b3 b6 10.
Bb2 c5 11. a4 Nbc6 12. Nc4 Be6 13. Nfd2 f5 14. f4 fxe4 15. Nxe4 Nf5 16. Bg4 Bxc4 17.
bxc4 Ne3 18. Be6+ Kh8 19. Qf3 Nxf1 20. Rxf1 Qe7 21. Bd5 Rac8 22. Ng5 Nb4 23. Ne6 Nxd5 24. cxd5 Rfe8 25. f5 Qf6 26. Qe4 Qe5 27. Qxe5 Bxe5 28. f6 Rf8 29. f7 a6 30. Bc1 Bg7 31. Bg5 c4 32. dxc4 d3 33. d6 h6 34. Be7 d2 35.
Nxf8 Bxf8 36. d7 Ra8 37. Bxf8 Rxf8 38. d8=Q Rxd8 39. f8=Q+ Rxf8 40. Rxf8+ Kg7 41. Rd8 1-0

[Event "*** SCC Grand Prix: Titled Tuesday Blitz"]
[Site "Chess.com"]
[Date "2020.08.25"]
[Round "5"]
[White "freshfoodcompany"]
[Black "RodinMihail"]
[Result "1/2-1/2"]
[WhiteElo "2361"]
[BlackElo "2498"]
[TimeControl "180+1"]
[EndTime "10:57:18 PDT"]
[Termination "Game drawn - insufficient material"]

1. d4 d5 2. c4 e6 3. Nc3 c6 4. e4 dxe4 5. Nxe4 Bb4+ 6. Nc3 c5 7.
d5 Nf6 8. Bg5 exd5 9. cxd5 Qxd5 10. Bb5+ Bd7 11. Bxf6 Qxd1+ 12. Rxd1 gxf6 13. Bxd7+ Nxd7 14. Ne2 O-O-O 15. O-O Ne5 16. a3 Bxc3 17. Nxc3 f5 18. Nd5 Rhe8 19. Ne3 f4 20. Nf5 Kc7 21. f3 Nd3 22.
Rd2 c4 23. Rfd1 b5 24. Kf1 Nxb2 25. Rxd8 Rxd8 26. Rxd8 Kxd8 27. Ke2 c3 28. Nd6 a6 29.
Nxf7+ Kc7 30. Ng5 Kd6 31. Ne4+ Kd5 32. Nxc3+ Kc4 33. Ne4 Kb3 34. Nc5+ Kxa3 35. Nxa6 b4 36. g3 fxg3 37. hxg3 b3 38. Nc5 Nc4 39. Nxb3 Kxb3 40. f4 Kc3 41. Kf3 Kd4 42. Kg4 Nd6 43. Kg5 Ke4 44. Kh6 Nf5+ 45. Kxh7 Nxg3 46. f5 Kf4 47. f6 Ne4 48. f7 Ng5+ 49. Kg6 Nxf7 1/2-1/2

[Event "*** SCC Grand Prix: Titled Tuesday Blitz"]
[Site "Chess.com"]
[Date "2020.08.25"]
[Round "5"]
[White "tk22h"]
[Black "Margarita2907"]
[Result "1-0"]
[WhiteElo "2298"]
[BlackElo "2093"]
[TimeControl "180+1"]
[EndTime "10:57:18 PDT"]
[Termination "tk22h won by resignation"]

1. c4 e6 2. Nf3 d5 3. d4 Nf6 4. Nc3 Nbd7 5. Bg5 Be7 6. e3 h6 7. Bh4 O-O 8. Rc1 a6 9. cxd5 Nxd5 10. Bxe7 Nxe7 11. Bd3 c5 12. O-O b5 13. a4 b4 14. Ne4 cxd4 15. Nxd4 Ne5 16. Be2 Bb7 17. Nc5 Rb8 18. Nxb7 Rxb7 19. Rc5 Qd6 20. Qc1 Nf5 21. Nxf5 exf5 22. Rd1 Qf6 23. Rdd5 Re8 24. Qd2 g6 25. h3 Rb6 26. a5 Rbe6 27. Qxb4 Nc6 28.
Qc3 Qxc3 29. Rxc3 f4 30. Bg4 f5 31. Bf3 fxe3 32. Rxe3 Nb4 33. Rxe6 Rxe6 34. Rd4 Re1+ 35. Kh2 Nc2 36. Rd6 Rb1 37. Rxg6+ Kh7 38. Rxa6 Rxb2 39. Rb6 Ra2 40. a6 Nd4 41. Kg3 Nxf3 42. Kxf3 Ra4 43. g3 Kg7 44. h4 Kh7 45. Ke3 Kg7 46.
h5 Kh7 47. Rc6 Kg7 48. Kd3 Ra2 49. f4 Ra3+ 50. Kd4 Rxg3 51. Ke5 Ra3 52. Kxf5 Ra5+ 53.
Kg4 Kh7 54. Rc7+ Kg8 55. a7 Kf8 56. Rc8+ 1-0

[Event "*** SCC Grand Prix: Titled Tuesday Blitz"]
[Site "Chess.com"]
[Date "2020.08.25"]
[Round "5"]
[White "killer311"]
[Black "fabianvivasz"]
[Result "1-0"]
[WhiteElo "2485"]
[BlackElo "2315"]
[TimeControl "180+1"]
[EndTime "10:57:19 PDT"]
[Termination "killer311 won on time"]

1. d4 Nf6 2. c4 g6 3. g3 Bg7 4.
Bg2 O-O 5. Nf3 d6 6. Nc3 Nbd7 7. O-O Re8 8. Qb3 e5 9. dxe5 dxe5 10. Rd1 c6 11. Ng5 Qe7 12. Nge4 Nc5 13. Qa3 Ncxe4 14. Qxe7 Rxe7 15. Nxe4 Be6 16. Bg5 Nxe4 17. Bxe7 Nf6 18. Rac1 Re8 19. Rd8 Rxd8 20. Bxd8 Nd7 21. b3 Kf8 22.
Ba5 Ke7 23. Bc3 f6 24. h4 h5 25. Be4 Bf7 26. Rd1 Bf8 27. f4 exf4 28. gxf4 Bh6 29.
e3 f5 30. Bf3 Be6 31. Kf2 Kf7 32. a4 Bf8 33. a5 Be7 34. a6 bxa6 35. Bxc6 Nc5 36. b4 Bxh4+ 37. Kf3 Ne4 38. Bxe4 fxe4+ 39. Kxe4 Bxc4 40. Rd7+ Ke6 41. Rxa7 Bf6 42. Bxf6 Kxf6 43. Rc7 Bb5 44. Rc8 Kg7 45. Rb8 h4 46. Kf3 1-0

[Event "*** SCC Grand Prix: Titled Tuesday Blitz"]
[Site "Chess.com"]
[Date "2020.08.25"]
[Round "5"]
[White "RobPeresian"]
[Black "WinstonSilvakov"]
[Result "1-0"]
[WhiteElo "2372"]
[BlackElo "2097"]
[TimeControl "180+1"]
[EndTime "10:57:19 PDT"]
[Termination "RobPeresian won by resignation"]

1. Nf3 Nf6 2. c4 c5 3. Nc3 Nc6 4. g3 d6 5. Bg2 e6 6. d4 cxd4 7. Nxd4 Nxd4 8. Qxd4 a6 9. O-O Be7 10. b3 O-O 11. Bb2 Qc7 12. Rac1 e5 13. Qd2 Qa5 14. Rfd1 Be6 15. Nd5 Qd8 16. Nxe7+ Qxe7 17. Qxd6 Qxd6 18. Rxd6 Ne8 19. Rd2 f6 20. Bxb7 Rb8 21. Bd5 Kf7 22. Rcd1 Nc7 23. Bxe6+ Nxe6 24. Rd7+ Kg6 25. Re7 Nc5 26.
Ba3 Ne4 27. Rdd7 Rg8 28. Bb2 a5 29. f3 Nc5 30. Rc7 Na6 31. Ra7 Rb6 32. Bc3 a4 33.
Reb7 Rxb7 34. Rxb7 axb3 35. axb3 Nc5 36. Rb5 Rc8 37.
Kf2 Kf5 38. Ke3 h5 39. Kd2 h4 40. e4+ Kg5 41. Ke2 hxg3 42. hxg3 Kg6 43. Bd2 Ne6 44.
Be3 Rh8 45. f4 Rh2+ 46. Kf3 Nd4+ 47. Bxd4 exd4 48. Rd5 Rd2 49. c5 Rd3+ 50. Kg4 Rxb3 51. Rxd4 Rc3 52. Rd5 Kf7 53. e5 fxe5 54. Rxe5 Kf6 55.
Kh4 g6 56. g4 Rc4 57. Kg3 Rc3+ 58. Kf2 Rc4 59. Ke3 Rc3+ 60. Kd4 Rg3 61. g5+ Kf7 62. c6 Rg1 63. c7 1-0

[Event "*** SCC Grand Prix: Titled Tuesday Blitz"]
[Site "Chess.com"]
[Date "2020.08.25"]
[Round "5"]
[White "Lion-Al-Messi"]
[Black "Msb2"]
[Result "0-1"]
[WhiteElo "2572"]
[BlackElo "2826"]
[TimeControl "180+1"]
[EndTime "10:57:20 PDT"]
[Termination "Msb2 won by checkmate"]

1. d4 d5 2. Nf3 Nf6 3. Nc3 Bf5 4. Bg5 e6 5. e3 Bb4 6. Bd3 Bg6 7. O-O O-O 8. Ne5 Nbd7 9. f4 Be7 10. Qf3 c5 11.
f5 exf5 12. Bxf5 cxd4 13. exd4 Nxe5 14. dxe5 Nd7 15. Bxe7 Qxe7 16. Bxd7 Qxd7 17. Nxd5 Rae8 18. Rae1 Bxc2 19. Nf4 Qd4+ 20. Qe3 Qxe3+ 21. Rxe3 Bf5 22. Rfe1 Be6 23. b3 Re7 24. h3 Rd8 25. R3e2 h6 26. Rc1 Rd4 27. Nxe6 Rxe6 28. Rc8+ Kh7 29. Rc7 f6 30.
Rxb7 a6 31. Ra7 fxe5 32. Rc7 e4 33. Rc3 Kg6 34. Rce3 Kf5 35. Kf2 Ke5 36. g3 Rf6+ 37.
Kg2 a5 38. h4 g5 39. hxg5 hxg5 40. Kh3 Kf5 41. g4+ Kf4 42. Rc3 Rd3+ 43. Rxd3 exd3 44. Rf2+ Ke5 45. Rd2 Ke4 46. Rd1 Ke3 47. Re1+ Kf2 48. Re5 Rh6# 0-1

[Event "*** SCC Grand Prix: Titled Tuesday Blitz"]
[Site "Chess.com"]
[Date "2020.08.25"]
[Round "5"]
[White "juancruzarias"]
[Black "stolencandy13"]
[Result "0-1"]
[WhiteElo "2360"]
[BlackElo "2509"]
[TimeControl "180+1"]
[EndTime "10:57:20 PDT"]
[Termination "stolencandy13 won on time"]

1. e4 c6 2. Nc3 d5 3. Nf3 Bg4 4. h3 Bxf3 5. Qxf3 Nf6 6. d3 e6 7. g3 Bb4 8. Bd2 Nbd7 9. Bg2 d4 10. Nb1 Qb6 11. O-O O-O 12. Bc1 Be7 13. Qe2 Rac8 14.
f4 c5 15. Nd2 Qc7 16. g4 b5 17. a4 a6 18. axb5 axb5 19. g5 Ne8 20. e5 c4 21. Ne4 cxd3 22. cxd3 Nc5 23. Nxc5 Qxc5 24. f5 exf5 25. Rxf5 g6 26. Rf2 Ng7 27. Bf4 Ne6 28.
h4 b4 29. Raf1 b3 30. Bg3 Rc7 31. Qg4 Bd8 32. h5 Bxg5 33. hxg6 hxg6 0-1

[Event "*** SCC Grand Prix: Titled Tuesday Blitz"]
[Site "Chess.com"]
[Date "2020.08.25"]
[Round "5"]
[White "binbin239"]
[Black "Fandorine"]
[Result "0-1"]
[WhiteElo "2585"]
[BlackElo "2914"]
[TimeControl "180+1"]
[EndTime "10:57:21 PDT"]
[Termination "Fandorine won by resignation"]

1. d4 Nf6 2. c4 g6 3. Nf3 Bg7 4. g3 O-O 5. Bg2 d6 6. O-O Nc6 7. d5 Na5 8. Nfd2 c5 9. Nc3 a6 10. Qc2 b5 11. b3 Bf5 12. e4 Bd7 13. Bb2 e5 14. dxe6 Bxe6 15. cxb5 axb5 16. Nxb5 Rb8 17.
a4 Nc6 18. Rad1 Nb4 19. Qb1 Qe7 20. Rfe1 Bg4 21. Rc1 Rfd8 22. Nc4 Be6 23. Nbxd6 Bxc4 24. Nxc4 Nd3 25. e5 Ng4 26. Bc3 Ngxf2 27. Na5 Qe6 28. Rcd1 Nxd1 29. Rxd1 Nxe5 30. Re1 c4 31. Bxe5 Bxe5 32.
Nc6 Bd4+ 33. Kh1 Rxb3 34. Qd1 Qd6 35. Nxd8 Qxd8 36. Qe2 Rd3 37. Rc1 Bf6 38. Rxc4 Rd1+ 39. Bf1 Qd5+ 40. Kg1 Bd4+ 41. Rxd4 Qxd4+ 42. Kg2 Rd2 0-1

[Event "*** SCC Grand Prix: Titled Tuesday Blitz"]
[Site "Chess.com"]
[Date "2020.08.25"]
[Round "5"]
[White "PawnEatingZombie"]
[Black "Lenyas66"]
[Result "0-1"]
[WhiteElo "2235"]
[BlackElo "2464"]
[TimeControl "180+1"]
[EndTime "10:57:21 PDT"]
[Termination "Lenyas66 won by resignation"]

1. d4 Nf6 2. c4 c5 3. d5 b5 4. cxb5 a6 5. e3 g6 6. Nc3 Bg7 7. a4 O-O 8. Nf3 Bb7 9. e4 e6 10. Be2 axb5 11. Bxb5 exd5 12. exd5 Re8+ 13. Be3 Ng4 14. O-O Nxe3 15. fxe3 Rxe3 16. Qd2 Re7 17. d6 Re8 18. Bc4 Rf8 19. Ng5 Bf6 20. Rxf6 Qxf6 21. Rf1 Qd4+ 22. Qxd4 cxd4 23. Nb5 Nc6 24. Nxf7 Kg7 25.
b3 Na5 26. Nc7 Rab8 27. Ne5 Rxf1+ 28. Bxf1 Nxb3 29. Nxd7 Ra8 30. Nxa8 Bxa8 31. Nb6 Bc6 32. Bb5 Bxb5 33. axb5 Nc5 34. d7 Nb7 35. Nd5 Kf7 36. Kf2 Ke6 37. Nb4 Kxd7 38. Ke2 Nc5 39. Nd3 Na4 40. Nf4 Nc3+ 41. Kd3 Nxb5 42. Ne2 Ke6 43. Nxd4+ Nxd4 44. Kxd4 Kf5 45. Ke3 Kg4 46. Kf2 Kf4 47. h3 h5 48. g3+ Ke4 49. Ke2 g5 50. h4 g4 51. Kf2 Kd3 0-1

[Event "*** SCC Grand Prix: Titled Tuesday Blitz"]
[Site "Chess.com"]
[Date "2020.08.25"]
[Round "5"]
[White "fish7728"]
[Black "Balla_Tamas"]
[Result "0-1"]
[WhiteElo "2194"]
[BlackElo "2458"]
[TimeControl "180+1"]
[EndTime "10:57:21 PDT"]
[Termination "Balla_Tamas won by checkmate"]

1. d4 Nf6 2. c4 e6 3. Nc3 Bb4 4.
f3 d5 5. a3 Bxc3+ 6. bxc3 O-O 7.
e3 c5 8. Bd3 dxc4 9. Bxc4 Qa5 10. Bd2 b6 11. Ne2 Ba6 12. Bxa6 Qxa6 13. O-O Nbd7 14. Nf4 e5 15. Qe2 Qb7 16. dxe5 Nxe5 17. e4 Rad8 18. Be3 Rd7 19. Rfd1 Rfd8 20. Rxd7 Rxd7 21.
Rd1 h6 22. Bf2 Rxd1+ 23. Qxd1 Qa6 24. Qb3 Nd3 25. Nxd3 Qxd3 26. h3 Nh5 27. Kh2 Nf4 28. Bg3 Ne2 29. Qd5 Qb1 30. Qd8+ Kh7 31. h4 Qg1+ 32.
Kh3 Qh1+ 33. Bh2 Nf4+ 34. Kg3 Qxg2+ 35. Kxf4 Qxh2+ 36. Ke3 Qc7 37. Qd5 Qe7 38. Qf5+ g6 39. Qd5 Kg7 40. h5 gxh5 41. f4 h4 42. Qh5 Qf6 43. e5 Qg6 44. Qxh4 Qf5 45. Qg3+ Kf8 46. Qh4 Kg7 47. Qg3+ Kh7 48. Qh4 Qc2 49. Qe7 Qxc3+ 50. Ke4 Qc4+ 51. Kf5 Kg8 52. Qd8+ Kg7 53. Qf6+ Kh7 54.
Qe7 Qd3+ 55. Kf6 Qg6# 0-1

[Event "*** SCC Grand Prix: Titled Tuesday Blitz"]
[Site "Chess.com"]
[Date "2020.08.25"]
[Round "5"]
[White "cukin84"]
[Black "mortngabriel"]
[Result "1/2-1/2"]
[WhiteElo "2059"]
[BlackElo "2445"]
[TimeControl "180+1"]
[EndTime "10:57:21 PDT"]
[Termination "Game drawn by repetition"]

1. e4 c5 2. Nc3 e6 3. f4 d5 4. d3 Nc6 5. Nf3 Nf6 6. e5 Nd7 7. g3 f6 8. exf6 Qxf6 9. Bg2 Bd6 10. O-O O-O 11. Re1 Nd4 12. Nxd4 cxd4 13. Nb5 Bb8 14.
Qe2 Nb6 15. b3 a6 16. Na3 Bd6 17. Bb2 Bd7 18. Nb1 Rac8 19. a4 Bb4 20. Rc1 Bc6 21. Nd2 Bxd2 22. Qxd2 Nd7 23. Qf2 e5 24. Bh3 exf4 25.
Bxd4 Qh6 26. Bg2 Rce8 27. Re1 fxg3 28. Qxg3 Nf6 29. Be3 Qh5 30. Bc5 Rxe1+ 31. Rxe1 Re8 32. Rxe8+ Bxe8 33. Bd4 Qf5 34. h3 Bg6 35. Kh2 h5 36. Qb8+ Kh7 37. Qd6 h4 38. Bxf6 gxf6 39. Bxd5 Qf2+ 40. Bg2 Qxc2 41. Qe7+ Kh6 42. Qf8+ Kg5 43. Qd6 Qf2 44. Qd5+ Bf5 45. Qg8+ Kf4 46. Qc4+ Kg5 47. Qg8+ Kf4 48. Qc4+ Kg5 49. Qg8+ 1/2-1/2

[Event "*** SCC Grand Prix: Titled Tuesday Blitz"]
[Site "Chess.com"]
[Date "2020.08.25"]
[Round "5"]
[White "MashaFromRussia"]
[Black "UCantHandleDenker"]
[Result "0-1"]
[WhiteElo "2410"]
[BlackElo "2566"]
[TimeControl "180+1"]
[EndTime "10:57:23 PDT"]
[Termination "UCantHandleDenker won by checkmate"]

1. d4 Nf6 2. c4 c5 3. d5 d6 4. Nc3 g6 5. Nf3 Bg7 6. e4 O-O 7. Be2 e6 8. O-O exd5 9. cxd5 Bg4 10. Bf4 a6 11. a4 Bxf3 12. Bxf3 Qc7 13. Re1 Nbd7 14.
e5 dxe5 15. d6 Qb6 16. Bxe5 Nxe5 17. Rxe5 Qxb2 18. Rxc5 Rad8 19. Rb1 Qa3 20. Rc7 Ne8 21.
Rb3 Qxd6 22. Qxd6 Nxd6 23. g3 Bxc3 24. Rbxc3 b5 25. R3c6 bxa4 26. Rxa6 Nb5 27. Rc5 Nd4 28. Be4 Rfe8 29. f3 Nb3 30. Rc7 Nd2 31. Bc6 Re2 32. Raa7 Nb3 33. Rxf7 Rd1# 0-1

[Event "*** SCC Grand Prix: Titled Tuesday Blitz"]
[Site "Chess.com"]
[Date "2020.08.25"]
[Round "5"]
[White "hongnhung1234"]
[Black "karinachess1"]
[Result "1-0"]
[WhiteElo "2360"]
[BlackElo "2480"]
[TimeControl "180+1"]
[EndTime "10:57:23 PDT"]
[Termination "hongnhung1234 won on time"]

1. e4 c5 2. Nc3 Nc6 3. f4 g6 4. Nf3 Bg7 5. Bc4 e6 6. O-O Nge7 7. d3 d5 8. Bb3 O-O 9. Qe1 dxe4 10. dxe4 Nd4 11. Nxd4 cxd4 12. Ne2 d3 13. Nc3 dxc2 14. Bxc2 b6 15. Be3 Bb7 16. Rd1 Qc7 17. Bd4 Bxd4+ 18. Rxd4 Qc5 19. Qf2 Rad8 20. Rfd1 Nc6 21. Rxd8 Qxf2+ 22. Kxf2 Rxd8 23. Rxd8+ Nxd8 24. Nb5 a6 25. Nd6 Bc6 26. Bd3 b5 27. e5 Kf8 28. g3 Ke7 29. Ke3 Bd5 30. a4 bxa4 31. Bxa6 f6 32. Bb5 Bb3 33. Nc8+ Kf7 34. exf6 Kxf6 35. Nb6 Nf7 36.
Bxa4 Ba2 37. Bc2 Nd6 38. b3 Ke7 39. Kd2 Nb5 40. Kc1 Nd4 41. Kb2 Bxb3 42. Bxb3 Nf3 43.
Bd1 Nxh2 44. Be2 h5 45. Kc3 Kf6 46. Kd4 Kf5 47. Ke3 1-0

[Event "*** SCC Grand Prix: Titled Tuesday Blitz"]
[Site "Chess.com"]
[Date "2020.08.25"]
[Round "5"]
[White "Vesper2018"]
[Black "nrvisakh"]
[Result "0-1"]
[WhiteElo "2571"]
[BlackElo "2812"]
[TimeControl "180+1"]
[EndTime "10:57:24 PDT"]
[Termination "nrvisakh won on time"]

1. e4 e6 2. d4 d5 3. e5 c5 4.
c3 Nc6 5. Nf3 Qb6 6. Be2 f6 7. O-O Bd7 8. Re1 Nge7 9. dxc5 Qxc5 10. exf6 gxf6 11. Nd4 O-O-O 12. b4 Qd6 13. a4 e5 14. Nb3 Kb8 15. Na3 Ng6 16. b5 Nce7 17. Nc2 Qc7 18. a5 Qxc3 19. Rb1 Bf5 20. Rb2 d4 21. Nca1 Nd5 22. Rd2 Qb4 23. Nxd4 exd4 24. Rxd4 Qc3 25. Bf3 Bb4 26. Re3 Qxa1 27. Bxd5 Bc5 28.
Rc4 Bxe3 29. fxe3 Ne5 30. e4 Nxc4 31. Bf4+ Qe5 32. Bxe5+ fxe5 33. exf5 Ne3 0-1

[Event "*** SCC Grand Prix: Titled Tuesday Blitz"]
[Site "Chess.com"]
[Date "2020.08.25"]
[Round "5"]
[White "Mr_Sinigami"]
[Black "Saxar85"]
[Result "0-1"]
[WhiteElo "2539"]
[BlackElo "2771"]
[TimeControl "180+1"]
[EndTime "10:57:24 PDT"]
[Termination "Saxar85 won on time"]

1. d4 d6 2. Nf3 g6 3. Bf4 Bg7 4.
e3 Nf6 5. h3 O-O 6. Be2 b6 7. O-O Bb7 8. a4 a6 9. c3 Nbd7 10. Bh2 c5 11. Na3 Qc7 12. Nd2 Rfe8 13. Re1 Bc6 14. Bf3 Bxf3 15. Qxf3 Rac8 16. Nc2 e5 17. dxe5 Nxe5 18. Qe2 Qb7 19. Bxe5 Rxe5 20. Nc4 Re6 21. a5 b5 22. Nb6 Rce8 23. Rad1 Nd7 24.
Nd5 Ne5 25. b3 Nc6 26. b4 Ne5 27. f4 Nc4 28. Qf3 Re4 29. f5 gxf5 30. Qxf5 Qc8 31. Qf3 R8e5 32. Rf1 Qe6 33. Nf4 Qf5 34. Qg3 Qg5 35.
Qf2 f5 0-1

[Event "*** SCC Grand Prix: Titled Tuesday Blitz"]
[Site "Chess.com"]
[Date "2020.08.25"]
[Round "5"]
[White "Kobalia"]
[Black "PSvidler"]
[Result "1-0"]
[WhiteElo "2779"]
[BlackElo "2950"]
[TimeControl "180+1"]
[EndTime "10:57:26 PDT"]
[Termination "Kobalia won by resignation"]

1. e4 c5 2. Nf3 e6 3. g3 Nc6 4. Bg2 g6 5. d4 d5 6. exd5 exd5 7. O-O cxd4 8. Nxd4 Bg7 9. Re1+ Nge7 10. Bg5 f6 11. Be3 O-O 12. Nxc6 bxc6 13. Bc5 Rf7 14. c4 Rb8 15. Nc3 Bf8 16. cxd5 Nxd5 17. Bxf8 Kxf8 18. Nxd5 cxd5 19. Qxd5 Qxd5 20. Bxd5 Rd7 21. Bb3 Bb7 22. Re6 Kg7 23. Rae1 Rbd8 24. Re7+ Kh6 25. f4 a5 26.
Kf2 Rxe7 27. Rxe7 Bd5 28. Bxd5 Rxd5 29. Ke3 Rd1 30. Ra7 Rh1 31. Rxa5 Rxh2 32. Rb5 Rg2 33. Kf3 Rc2 34. a4 g5 35. fxg5+ fxg5 36. a5 Kg6 37. a6 Rc6 38. Ra5 Rc8 39. a7 Ra8 40. g4 Kf6 41. Ke4 Ke6 42. b4 Kd6 43. Kf5 1-0

[Event "*** SCC Grand Prix: Titled Tuesday Blitz"]
[Site "Chess.com"]
[Date "2020.08.25"]
[Round "5"]
[White "MikaelyanArman"]
[Black "Onegust"]
[Result "0-1"]
[WhiteElo "2786"]
[BlackElo "2575"]
[TimeControl "180+1"]
[EndTime "10:57:26 PDT"]
[Termination "Onegust won on time"]

1. Nf3 Nf6 2. c4 e6 3. g3 b6 4.
Bg2 Bb7 5. O-O g6 6. b3 Bg7 7.
Bb2 O-O 8. Nc3 d6 9. d4 Ne4 10. Qc2 f5 11. Nd2 Nxc3 12. Bxb7 Nxe2+ 13. Kh1 Nd7 14. Qd3 Rb8 15. Bg2 Nxd4 16. Bxd4 e5 17. Bb2 Nc5 18.
Qd5+ Kh8 19. f4 Qe7 20. Rae1 e4 21. Bxg7+ Qxg7 22. Nb1 Rbd8 23. Qd2 c6 24. b4 Nd3 25. Re3 d5 26. Rxd3 exd3 27. Qxd3 dxc4 28. Qxc4 Rd4 29. Qxc6 Rxb4 30. Nc3 Rb2 0-1

[Event "*** SCC Grand Prix: Titled Tuesday Blitz"]
[Site "Chess.com"]
[Date "2020.08.25"]
[Round "5"]
[White "Chessdemon2019"]
[Black "english_player_89"]
[Result "1/2-1/2"]
[WhiteElo "2360"]
[BlackElo "2496"]
[TimeControl "180+1"]
[EndTime "10:57:27 PDT"]
[Termination "Game drawn - insufficient material"]

1. e4 e5 2. Nf3 Nc6 3. Bc4 Bc5 4. c3 Nf6 5. d3 O-O 6. O-O d6 7. h3 h6 8. a4 a5 9. Nbd2 Be6 10. Re1 Qb8 11.
Qb3 Bxc4 12. Nxc4 Qa7 13. Be3 Bxe3 14. Nxe3 Ne7 15. Nh4 Nd7 16. Nef5 Nxf5 17. Nxf5 Nc5 18. Qc2 Ne6 19. g3 Kh7 20. Qd2 Ng5 21. Kg2 f6 22. h4 Nf7 23. h5 Rad8 24. f4 d5 25. Qf2 Qxf2+ 26. Kxf2 dxe4 27. dxe4 Rd2+ 28. Re2 Rfd8 29.
Re1 R8d3 30. Rxd2 Rxd2+ 31. Re2 Rd1 32. Re1 Rd7 33. Ke2 g6 34. hxg6+ Kxg6 35. Rd1 Rxd1 36. Kxd1 exf4 37. gxf4 Nd6 38. Ne7+ Kf7 39. Nd5 c6 40.
Nb6 Nxe4 41. Nc4 h5 42. Nxa5 Nc5 43. b4 Nxa4 44. Nxb7 Nxc3+ 45. Kc2 h4 46. Kxc3 h3 47. Nd6+ Ke6 48. Ne4 Kf5 49. Nf2 h2 50. Kd3 Kxf4 51. Ke2 Kg3 52. Kf1 Kf3 53. Nh1 Ke3 54. Kg2 Kd4 55.
Kxh2 Kc4 56. Kg3 Kxb4 57. Kf4 c5 58. Nf2 c4 59. Ne4 c3 60. Nxc3 Kxc3 61. Kf5 Kd2 62. Kxf6 1/2-1/2

[Event "*** SCC Grand Prix: Titled Tuesday Blitz"]
[Site "Chess.com"]
[Date "2020.08.25"]
[Round "5"]
[White "Infernal_XaM"]
[Black "Revnov"]
[Result "1-0"]
[WhiteElo "2914"]
[BlackElo "2699"]
[TimeControl "180+1"]
[EndTime "10:57:28 PDT"]
[Termination "Infernal_XaM won on time"]

1. Nf3 d5 2. c4 e6 3. e3 Nf6 4. b3 b6 5. Bb2 Bb7 6. cxd5 exd5 7. Be2 Bd6 8. g4 h6 9. Rg1 c5 10. Nc3 Nc6 11. h4 d4 12. Nb5 a6 13.
Na3 Qe7 14. Nc4 Bc7 15. exd4 O-O-O 16. dxc5 bxc5 17. Ne3 Rhe8 18. Kf1 Ne4 19. Rc1 Kb8 20. Nf5 Qd7 21. d3 Nf6 22. Nxg7 Rxe2 23. Qxe2 Nd5 24.
Nh5 f5 25. g5 f4 26. Rxc5 hxg5 27. Rxg5 Ndb4 28. d4 Qh7 29. Nf6 Qb1+ 30. Rc1 Qxa2 31. Ne5 Nxe5 32. Rxe5 Bxe5 33. dxe5 Qxb3 34. e6 Qh3+ 35.
Ke1 Qh1+ 36. Qf1 Qf3 37. e7 1-0

[Event "*** SCC Grand Prix: Titled Tuesday Blitz"]
[Site "Chess.com"]
[Date "2020.08.25"]
[Round "5"]
[White "ElGasanov"]
[Black "GelmanAlexander"]
[Result "0-1"]
[WhiteElo "2741"]
[BlackElo "2556"]
[TimeControl "180+1"]
[EndTime "10:57:28 PDT"]
[Termination "GelmanAlexander won by checkmate"]

1. d4 Nf6 2. Nf3 c5 3. d5 e6 4. c4 b5 5. Bf4 Bb7 6. Nc3 exd5 7. cxd5 b4 8. Nb5 d6 9. Qa4 Nbd7 10. Nxd6+ Bxd6 11. Bxd6 Qb6 12. Bg3 O-O 13. Rd1 Bxd5 14. e3 Bc6 15. Qc2 Be4 16. Bd3 Bxd3 17. Rxd3 c4 18.
Qxc4 Rfc8 19. Qd4 Rc1+ 20. Rd1 Rxd1+ 21. Qxd1 Qa6 22. Qe2 Qxa2 23. O-O a5 24. e4 a4 25. e5 Nh5 26. Rd1 Nf8 27. Ng5 Nxg3 28. hxg3 a3 29.
e6 Nxe6 30. Qf3 Rf8 31. Nxe6 fxe6 32. Qe4 Qxb2 33. Qxe6+ Kh8 34. Qf5 Qf6 35. Qc5 b3 36. Qxa3 Qxf2+ 37. Kh2 b2 38. Rb1 Rb8 39. Qd6 Qb6 40.
Qe5 h6 41. Kh3 Qb5 42. Qc3 Qh5# 0-1

[Event "*** SCC Grand Prix: Titled Tuesday Blitz"]
[Site "Chess.com"]
[Date "2020.08.25"]
[Round "5"]
[White "alfiefischer77"]
[Black "Euge_chess"]
[Result "1-0"]
[WhiteElo "2291"]
[BlackElo "2066"]
[TimeControl "180+1"]
[EndTime "10:57:28 PDT"]
[Termination "alfiefischer77 won on time"]

1. e4 e5 2. Nf3 Nc6 3. Bb5 Nf6 4. Qe2 Bc5 5. c3 O-O 6. d3 Re8 7. Bg5 d6 8. Nbd2 a6 9. Ba4 b5 10. Bb3 Be6 11. O-O h6 12. Bh4 Bb6 13. Rfd1 Bxb3 14. axb3 Qe7 15. Nf1 Qe6 16. Ng3 g5 17. Nxg5 hxg5 18.
Bxg5 Nh7 19. Bd2 Ne7 20. Qh5 Qg6 21. Qf3 Ng5 22. Qg4 Ne6 23. Qh3 Qh7 24. Nh5 Kh8 25. Qh4 Ng6 26. Qf6+ Kg8 27. Ng3 Nef4 28. Nf5 Re6 29. Qg5 Qh5 30. Qg3 Qh7 31. Kf1 1-0

[Event "*** SCC Grand Prix: Titled Tuesday Blitz"]
[Site "Chess.com"]
[Date "2020.08.25"]
[Round "5"]
[White "NMZanette"]
[Black "MF1966Idrisov"]
[Result "0-1"]
[WhiteElo "2112"]
[BlackElo "2354"]
[TimeControl "180+1"]
[EndTime "10:57:28 PDT"]
[Termination "MF1966Idrisov won by resignation"]

1. e4 c5 2. Nf3 d6 3. d4 cxd4 4. Nxd4 Nf6 5. f3 a6 6. c4 e5 7. Nb3 Be7 8. Nc3 Be6 9. Be3 Nbd7 10. Rc1 O-O 11. Be2 Rc8 12. Nd5 Bxd5 13. cxd5 Nh5 14. Rxc8 Qxc8 15. O-O Nf4 16. Qd2 Nxe2+ 17. Qxe2 f5 18.
Rc1 Qd8 19. Qc4 fxe4 20. fxe4 Bg5 21. Qe2 Bxe3+ 22. Qxe3 Rf4 23. g3 Rf7 24. Rf1 Nf6 25.
Kg2 h6 26. h3 Qd7 27. Rf2 Qa4 28. Nd2 Qxa2 29. Qc3 Qa4 30. Qc8+ Qe8 31. Qxe8+ Nxe8 32. Rxf7 Kxf7 33. Nc4 Ke7 34. Kf3 Nc7 35. h4 Nb5 36. Ne3 Nd4+ 37. Kf2 h5 38. g4 hxg4 39. Nxg4 b5 40.
Ne3 Kf6 41. Nd1 Kg6 42. Ne3 Kh5 43. Kg3 a5 44. Kh3 a4 45. Nd1 b4 46. Ne3 a3 0-1

[Event "*** SCC Grand Prix: Titled Tuesday Blitz"]
[Site "Chess.com"]
[Date "2020.08.25"]
[Round "5"]
[White "nickmatta"]
[Black "Taron_Shagbazyan"]
[Result "0-1"]
[WhiteElo "2481"]
[BlackElo "2655"]
[TimeControl "180+1"]
[EndTime "10:57:29 PDT"]
[Termination "Taron_Shagbazyan won on time"]

1. d4 Nf6 2. c4 e6 3. Nc3 Bb4 4. Qc2 d5 5. cxd5 Qxd5 6. e3 O-O 7.
Nf3 c5 8. Bd2 Bxc3 9. Bxc3 Nc6 10. dxc5 Qxc5 11. Bd3 Nb4 12. Bxb4 Qxb4+ 13. Qd2 Qxd2+ 14. Nxd2 Rd8 15. Ke2 Bd7 16. Rhd1 Bc6 17. f3 Kf8 18. Nb3 Rac8 19. Rac1 Bd5 20. e4 Bxb3 21.
axb3 Ke7 22. Ke3 Nd7 23. Bb5 Rxc1 24. Rxc1 a6 25. Be2 Kd6 26. f4 f6 27. Rd1+ Ke7 28. Bf3 e5 29. Bg4 exf4+ 30. Kxf4 Ne5 31. Rxd8 Kxd8 32.
Be2 Ke7 33. h4 Ng6+ 34. Kg3 Ke6 35. Bg4+ Ke5 36. Bc8 b6 37. Bf5 Nf8 38. Kf3 g6 39. Bc8 a5 40. g4 h6 41. h5 gxh5 42. gxh5 Nh7 43. Ke3 Ng5 44. Bf5 Nf7 45. Bh7 Nd6 46. Bg6 Nb5 47. Kd3 Nd6 48. Bh7 b5 49. Bg6 Nb7 0-1